 Dungeon Crawl Stone Soup version 0.30-a0-354-g6b83867211 (webtiles) character file.

Game seed: 2262962003348893221

854 hikkokomori the Digger (level 8, -1/44 HPs)
             Began as a Gargoyle Earth Elementalist on Nov 8, 2022.
             Slain by Duvessa
             ... wielding a +0 short sword
              (9 damage)
             ... on level 4 of the Dungeon.
             The game lasted 00:13:20 (3781 turns).

hikkokomori the Digger (GrEE)                       Turns: 3781, Time: 00:13:21

Health: -1/44      AC:  8    Str: 14    XL:     8   Next: 1%
Magic:  8/11       EV: 11    Int: 16    God:
Gold:   279        SH:  0    Dex: 10    Spells: 2/11 levels left

rFire   . . .      SeeInvis .    f - +0 flail
rCold   . . .      Faith    .    (no shield)
rNeg    + . .      Spirit   .    n - +0 leather armour
rPois   ∞          Reflect  .    (no helmet)
rElec   +          Harm     .    (no cloak)
rCorr   .          Rampage  .    (no gloves)
Will    .....                    (no boots)
Stlth   ++........               (no amulet)
HPRegen 0.27/turn                (no ring)
MPRegen 0.12/turn                (no ring)

@: no status effects
A: sickness immunity, AC +5, negative energy resistance 1, electricity
resistance, torment resistance 1, petrification resistance
a: no special abilities


You were on level 4 of the Dungeon.
You visited 1 branch of the dungeon, and saw 5 of its levels.

You collected 279 gold pieces.

Inventory:

Hand Weapons
 f - a +0 flail (weapon)
Missiles
 i - 3 javelins
Armour
 a - a +0 robe
 n - a +0 leather armour (worn)
Jewellery
 m - a ring of fire
 w - a +6 ring of dexterity
Wands
 y - a wand of iceblast (3)
Scrolls
 d - a scroll of magic mapping {unknown}
 g - a scroll of summoning {unknown}
 j - a scroll of poison {unknown}
 o - 2 scrolls of teleportation {unknown}
 p - a scroll of blinking
 q - a scroll of fear {unknown}
 u - a scroll of amnesia
 v - a scroll of enchant armour {unknown}
Potions
 b - 2 potions of magic
 e - a potion of might {unknown}
 h - 2 potions of cancellation {unknown}
 k - 3 potions of brilliance
 l - 3 potions of curing
 r - a potion of invisibility
 s - 2 potions of attraction
 t - a potion of degeneration {unknown}
 x - a potion of heal wounds {unknown}
 z - a potion of haste {unknown}
 A - a potion of berserk rage {unknown}


   Skills:
 + Level 1.8 Fighting
 + Level 3.3 Throwing
 - Level 1.9 Dodging
 - Level 4.8 Stealth
 - Level 2.2 Spellcasting
 + Level 1.8 Conjurations
 - Level 1.2 Transmutations
 + Level 1.2 Air Magic
 + Level 7.4 Earth Magic


You had 2 spell levels left.
You knew the following spells:

 Your Spells              Type           Power      Damage    Failure   Level
a - Sandblast             Erth           50%        2d12      1%          1
b - Passwall              Tmut/Erth      12%        N/A       6%          2
c - Stone Arrow           Conj/Erth      32%        3d9       12%         3
d - Mephitic Cloud        Conj/Pois/Air  5%         N/A       45%         3

Your spell library contained the following spells:

 Spells                   Type           Power      Damage    Failure   Level
 Magic Dart               Conj           28%        1d4       12%         1
 Necrotise                Necr           4%         1d4       26%         1
 Call Imp                 Summ           1%         N/A       36%         2
 Ensorcelled Hibernation  Hex/Ice        2%         N/A       36%         2
 Petrify                  Tmut/Erth      15%        N/A       38%         4
 Swiftness                Air            5%         N/A       41%         3
 Vampiric Draining        Necr           1%         2d6       61%         3
 Agony                    Necr           1%         N/A       100%        5


Dungeon Overview and Level Annotations

Branches:
Dungeon (5/15)             Temple (0/1) D:4

Altars:
Dithmenos

Annotations:
D:2 Sigmund
D:4 Duvessa


Innate Abilities, Weirdness & Mutations

You are immune to sickness and miasma.
Your stone body is resilient. (AC +5)
You are immune to poison.
You resist negative energy. (rN+)
You are resistant to electric shocks. (rElec)
You are resistant to unholy torment.
You are immune to petrification.


Message History

Duvessa barely misses you. x2
Unknown command.
Casting: Sandblast (safe; 1% risk of failure)
Confirm with . or Enter, or press ? or * to list all spells.
Aiming: Sandblast (safe; 1% risk of failure)
Press: ? - help, Shift-Dir - straight line, f - Duvessa
Aim: Duvessa, wielding a +0 short sword and wearing a +2 chain mail of fire resistance (heavily wounded, berserk, 90% to hit)
The blast of sand hits Duvessa.
Duvessa is heavily wounded.
Duvessa barely misses you. Duvessa hits you with a +0 short sword.
Casting: Sandblast (safe; 1% risk of failure)
Confirm with . or Enter, or press ? or * to list all spells.
Aiming: Sandblast (safe; 1% risk of failure)
Press: ? - help, Shift-Dir - straight line, f/p - Duvessa
Aim: Duvessa, wielding a +0 short sword and wearing a +2 chain mail of fire resistance (heavily wounded, berserk, 90% to hit)
The blast of sand hits Duvessa but does no damage.
Duvessa is heavily wounded.
Duvessa hits you but does no damage. Duvessa hits you with a +0 short sword.
Casting: Sandblast (safe; 1% risk of failure)
Confirm with . or Enter, or press ? or * to list all spells.
Aiming: Sandblast (safe; 1% risk of failure)
Press: ? - help, Shift-Dir - straight line, f/p - Duvessa
Aim: Duvessa, wielding a +0 short sword and wearing a +2 chain mail of fire resistance (heavily wounded, berserk, 90% to hit)
The blast of sand hits Duvessa.
Duvessa is heavily wounded.
Duvessa hits you with a +0 short sword! Duvessa hits you with a +0 short sword.
* * * LOW HITPOINT WARNING * * *
Duvessa hits you with a +0 short sword.
* * * LOW HITPOINT WARNING * * *
Aiming: Iceblast
Press: ? - help, Shift-Dir - straight line, f/p - Duvessa
Aim: Duvessa, wielding a +0 short sword and wearing a +2 chain mail of fire resistance (heavily wounded, berserk) That beam is likely to hit you.
Continue anyway?
Okay, then.
Aiming: Iceblast
Press: ? - help, Shift-Dir - straight line, p - Duvessa The mass of ice explodes!
The iceblast engulfs Duvessa.
Duvessa is severely wounded.
Duvessa hits you with a +0 short sword!
You die...

.....e..
...)....).........#
.##...?g
................### ###
... #.
.........>.....## ..#
..(##. ##....##...##..#
....
....#.##......#...#..##
...
.....)...###........##
.. ..........#
#.......## #...
........e.####.......#
....
....#888#@##...###..##
.... ....8...8..##.##
#### ....
.###8.>...#....# ...
#.8...8......# ..
#.#888#......# #
.............##
............###
......#....##
.....#....#


You could see Duvessa (berserk).

Vanquished Creatures
  An ogre (D:4)
  A phantom (D:3)
  A necrophage (D:3)
  3 scorpions (D:4)
  Dowan (D:4)
  A howler monkey (D:3)
  Jessica (D:2)
  Terence (D:3)
  2 orc wizards (D:4)
  Ijyb (D:4)
  Robin (D:2)
  11 adders
  An ufetubus (D:4)
  A worm (D:2)
  2 dart slugs
  12 orcs
  5 bats
  11 endoplasms
  4 giant cockroaches
  18 goblins
  7 hobgoblins
  A jackal (D:2)
  6 quokkas
  11 ball pythons
  4 frilled lizards (D:1)
  6 kobolds
  2 rats (D:3)
116 creatures vanquished.

Notes
Turn   | Place    | Note
-------+----------+-------------------------------------------
     0 | D:1      | hikkokomori the Gargoyle Earth Elementalist began the quest
                  | for the Orb.
     0 | D:1      | Reached XP level 1. HP: 10/10 MP: 3/3
   153 | D:1      | Reached skill level 1 in Transmutations
   153 | D:1      | Reached XP level 2. HP: 15/15 MP: 1/5
   547 | D:1      | Reached XP level 3. HP: 10/19 MP: 1/6
   824 | D:1      | Reached skill level 4 in Earth Magic
  1194 | D:2      | Noticed Jessica
  1282 | D:2      | Killed Jessica
  1283 | D:2      | Reached XP level 4. HP: 13/24 MP: 1/7
  1393 | D:2      | Reached skill level 1 in Throwing
  1521 | D:2      | Learned a level 2 spell: Passwall
  1525 | D:2      | Learned a level 3 spell: Stone Arrow
  1864 | D:2      | Reached skill level 5 in Earth Magic
  1864 | D:2      | Reached XP level 5. HP: 28/28 MP: 6/8
  1864 | D:2      | Noticed Robin
  1901 | D:2      | Killed Robin
  1983 | D:2      | Noticed Sigmund
  2094 | D:3      | You fall into a shaft and drop 2 floors!
  2094 | D:5      | Entered Level 5 of the Dungeon
  2103 | D:4      | Noticed an ogre
  2173 | D:4      | Found a shadowy altar of Dithmenos.
  2263 | D:4      | Reached XP level 6. HP: 32/32 MP: 7/9
  2270 | D:4      | Reached skill level 6 in Earth Magic
  2732 | D:3      | Noticed Terence
  2842 | D:3      | Killed Terence
  2843 | D:3      | Reached XP level 7. HP: 36/36 MP: 8/10
  3215 | D:3      | Reached skill level 7 in Earth Magic
  3323 | D:3      | Found a faded altar of an unknown god.
  3363 | D:3      | Learned a level 3 spell: Mephitic Cloud
  3416 | D:4      | Noticed Ijyb
  3424 | D:4      | Killed Ijyb
  3526 | D:4      | Noticed Dowan
  3527 | D:4      | Noticed Duvessa
  3625 | D:4      | Reached skill level 1 in Fighting
  3625 | D:4      | Reached skill level 1 in Conjurations
  3625 | D:4      | Reached skill level 1 in Air Magic
  3760 | D:4      | Found a staircase to the Ecumenical Temple.
  3774 | D:4      | Killed Dowan
  3775 | D:4      | Reached XP level 8. HP: 34/44 MP: 11/11
  3781 | D:4      | Slain by Duvessa

Illustrated notes

Levels and vault maps discovered:
D:1:      sevenhm_arrival_forest_fort_large_4, layout_basic, minmay_tetromino_t4
D:2:      wad_river_or_something, layout_basic, uniq_robin, uniq_sigmund,
          uniq_jessica
D:3:      layout_basic, shapermc_ecumenical_altar_pompeii, uniq_terence
D:4:      layout_cave_pools, nicolae_dithmenos_shadow_blocks,
          minmay_temple_entry_statues, uniq_duvessa, uniq_ijyb
D:5:      layout_loops_ring, mainiacjoe_overflow_six_doors_small, uniq_edmund,
          uniq_eustachio

Skill      XL: |  1  2  3  4  5  6  7 |
---------------+----------------------+-----
Transmutations | 1 |  1.2
Earth Magic    | 4 5 6 7 |  7.4
Stealth        | 3 4 |  4.8
Throwing       | 1 2 3 |  3.3
Fighting       | 1 |  1.8
Conjurations   | 1 |  1.8
Air Magic      | 1 |  1.2
Dodging        | |  1.9
Spellcasting   | |  2.2

Action                   |  1- 3 |  4- 6 |  7- 9 || total
-------------------------+-------+-------+-------++-------
Melee: Flail             |     4 |    21 |     1 ||    26
Throw: Javelin           |     1 |    30 |     7 ||    38
 Cast: Sandblast         |    54 |    68 |    53 ||   175
       Passwall          |       |     1 |       ||     1
Evoke: Wand              |       |       |     4 ||     4
  Use: Scroll            |       |     8 |       ||     8
Armor: Robe              |     3 |       |       ||     3
       Leather armour    |       |    35 |    22 ||    57
Dodge: Dodged            |    17 |    58 |    18 ||    93

Table legend: (Time is in decaauts)
 A = Elapsed time spent in this place.
 B = Non-inter-level travel time spent in this place.
 C = Inter-level travel time spent in this place.
 D = Time resting spent in this place.
 E = Time spent auto-exploring this place.
 F = Levels seen in this place.
 G = Mean time per level.
                   A        B        C        D        E       F      G
               +--------+--------+--------+--------+--------+-----+--------+
         Total |   3897 |   3818 |     79 |    428 |   2390 |   5 |  779.4 |
       Dungeon |   3897 |   3818 |     79 |    428 |   2390 |   5 |  779.4 |
               +--------+--------+--------+--------+--------+-----+--------+

Top non-repeatable levels by time:
     D:1: 1283 daAuts
     D:3: 1100 daAuts
     D:2: 867 daAuts
     D:4: 625 daAuts
     D:5: 20 daAuts
